 Dungeon Crawl Stone Soup version 0.18-a0-1692-g516f9e9 (webtiles) character file.

152170 Gorice the Fighter (level 17, -6/140 HPs)
             Began as a Demonspawn Assassin on Apr 3, 2016.
             Was the Champion of Okawaru.
             Mangled by a spriggan rider
             ... wielding a +0 spear
              (19 damage)
             ... on level 2 of the Swamp on Apr 5, 2016.
             The game lasted 04:55:00 (44094 turns).

Gorice the Fighter (Demonspawn Assassin)           Turns: 44094, Time: 04:55:00

Health: -6/140     AC: 22    Str: 17    XL:     17   Next: 2%
Magic:  0/32       EV: 18    Int: 15    God:    Okawaru [******]
Gold:   1168       SH:  0    Dex: 16    Spells: 4 memorised, 9 levels left

rFire  . . .     SeeInvis +     a - +11 falchion "Topic" {flame, rC+ Int+2}
rCold  + . .     Gourm    .     S - +5 ring mail "Trusted Companion" {MR+ MP+9}
rNeg   . . .     Faith    .     (no shield)
rPois  +         Spirit   +     (helmet unavailable)
rElec  .         Dismiss  .     W - +2 cloak {+Inv}
rCorr  .         Reflect  .     A - +0 pair of gloves
SustAt .         Harm     .     L - +1 pair of boots {Stlth+}
MR     ++...                    x - amulet of guardian spirit
Stlth  ++++......               K - ring of flight
                                j - ring of poison resistance

@: flying, very slightly contaminated, invisible (expiring), very resistant to
hostile enchantments, stealthy
A: antennae 3, slimy green scales 1, demonic guardian 1, foul stench 2, rot
immunity
a: Heroism, Finesse, Renounce Religion, Stop Flying


You were on level 2 of the Swamp.
You worshipped Okawaru.
Okawaru was exalted by your worship.
You were very hungry.

You visited 5 branches of the dungeon, and saw 28 of its levels.
You also visited: Ice Cave.

You collected 2935 gold pieces.
You spent 1767 gold pieces at shops.

Inventory:

Hand Weapons
 a - the +11 falchion "Topic" (weapon) {flame, rC+ Int+2}
   (You bought it in a shop on level 4 of the Dungeon)

   It has been specially enchanted to burn those struck by it, causing extra
   injury to most foes and up to half again as much damage against particularly
   susceptible opponents.
   Big, fiery blades are also staple armaments of hydra-hunters.
   It affects your intelligence (+2).
   It protects you from cold.
 b - a +3 dagger of electrocution
 B - a +0 blowgun
Missiles
 f - 8 curare-tipped needles
 m - 5 javelins of returning
 P - 16 poisoned javelins (quivered)
Armour
 A - a +0 pair of gloves (worn)
 L - a +1 pair of boots of stealth (worn)
   (Okawaru gifted it to you in an ice cave)
 S - the +5 ring mail "Trusted Companion" (worn) {MR+ MP+9}
   (Okawaru gifted it to you on level 12 of the Dungeon)

   It affects your resistance to hostile enchantments.
   It affects your magic capacity (+9).
 W - a +2 cloak of invisibility (worn)
   (You bought it in a shop on level 2 of the Orcish Mines)
Jewellery
 c - an uncursed ring of positive energy
 e - an uncursed ring of protection from magic
 g - an uncursed ring of stealth
 j - a ring of poison resistance (left hand)
 v - an uncursed ring of resist corrosion
 x - an amulet of guardian spirit (around neck)
 E - an uncursed ring of see invisible
 K - a ring of flight (right hand)
 R - a +4 ring of protection
 Y - an uncursed ring of protection from fire
Wands
 q - a wand of digging (15/24)
 w - a wand of acid (9/15)
 N - a wand of iceblast (4/15)
 Q - a wand of disintegration (15/24)
Scrolls
 h - 4 scrolls of identify
 k - 6 scrolls of magic mapping {!r}
 n - 2 scrolls of fog
 o - 4 scrolls of blinking
 r - 10 scrolls of remove curse
 I - 3 scrolls of teleportation {!r}
Potions
 i - 6 potions of lignification {!q}
 l - a potion of resistance {!q}
 p - 2 potions of cancellation {!q}
 t - 2 potions of haste {!q}
 u - 2 potions of agility {!q}
 H - a potion of curing
 X - 8 potions of might {!q}
Miscellaneous
 y - a sack of spiders
Comestibles
 d - 9 meat rations {!e}
 C - 28 fruits


   Skills:
 + Level 14.5 Fighting
 - Level 8.0(11.6) Short Blades
 - Level 13.2(14.0) Long Blades
 - Level 6.0 Throwing
 + Level 12.6 Armour
 + Level 11.4 Dodging
 + Level 9.8 Stealth
 - Level 8.2 Invocations


You had 9 spell levels left.
You knew the following spells:

 Your Spells              Type           Power        Failure   Level  Hunger
p - Portal Projectile     Tloc           #.....       95%         3    ####...
A - Apportation           Tloc           #.........   41%         1    ##.....
B - Summon Butterflies    Summ           #.......     41%         1    ##.....
J - Blink                 Tloc           N/A          67%         2    ###....


Dungeon Overview and Level Annotations

Branches:
Dungeon (15/15)            Temple (1/1) D:7            Lair (8/8) D:8
  Swamp (2/4) Lair:5       Spider (0/4) Lair:3        Slime (0/6) Lair:8
    Orc (2/2) D:12            Elf (0/3) Orc:2        Vaults (0/5) D:13
 Depths (0/5) D:15

Altars:
Ashenzari
Cheibriados
Dithmenos
Elyvilon
Fedhas
Gozag
Kikubaaqudgha
Makhleb
Nemelex Xobeh
Okawaru
Pakellas
Qazlal
Ru
Sif Muna
Trog
Vehumet
Xom
Yredelemnul
Zin
The Shining One
Beogh
Jiyva

Shops:
D:4 (!(=[   D:8 *   Orc:2 ::[(

Portals:
Trove: D:14 (give +6 demon whip)


Innate Abilities, Weirdness & Mutations

You have a pair of large antennae on your head (SInv).
You are partially covered in slimy green scales (AC +2).
A weak demonic guardian rushes to your aid.
You frequently emit foul miasma when damaged in melee.
You are immune to rotting.


Message History

The spriggan rider is severely wounded.
The spriggan rider misses you.
The spriggan rider hits you from afar with a spear.
* * * LOW HITPOINT WARNING * * *
Damage: 4 (max 4) Unknown command.
You slash the spriggan rider! You burn the spriggan rider.
You kill the spriggan rider!
Okawaru accepts your kill.
You kill the wasp!
Okawaru accepts your kill. The vampire mosquito misses you.
The spriggan rider hits you from afar with a spear!
* * * LOW HITPOINT WARNING * * *
The spriggan rider hits you but does no damage.
Things that are here:
a spear of flaming; a spriggan corpse; Damage: 11 (max 11) Unknown command.
The vampire mosquito bites you!
* * * LOW HITPOINT WARNING * * *
The spriggan rider barely misses you.
Your ufetubus closely misses the spriggan rider.
Your ufetubus misses the spriggan rider.
The spriggan rider closely misses you.
Unknown command.
Unknown command.
Unknown command.
Damage: 5 (max 11) Unknown command.
Unknown command.
Unknown command.
Unknown command.
Unknown command.
Unknown command.
Unknown command.
Unknown command.
Unknown command.
Unknown command.
Unknown command.
Drink which item? (? for menu, Esc to quit)
You feel better.
You flicker for a moment.
The vampire mosquito barely misses you.
Your ufetubus closely misses the spriggan rider.
Your ufetubus completely misses the spriggan rider.
The vampire mosquito bites you but does no damage.
Your ufetubus closely misses the spriggan rider.
Your ufetubus misses the spriggan rider.
The spriggan rider hits you with a spear!!
You die...

♣.≈≈≈≈..#.......♣♣...♣≈..
♣.≈≈≈≈..#....♣♣♣♣♣...≈≈..
♣♣<)..≈..##..≈♣♣♣≈..§...≈
♣.≈≈.≈≈[..♣≈..≈..≈≈≈/≈≈≈
♣♣.§≈..≈≈≈♣♣.....≈≈≈≈.≈≈≈
♣≈.....≈≈....≈§≈..≈≈≈.≈≈≈
♣♣..≈≈.§....≈≈≈≈..≈≈≈..≈≈
♣.....≈y....≈≈≈.≈...♣.≈.
♣≈≈≈.≈.@.)≈..≈≈.≈♣♣♣♣≈.)
♣♣..<..≈i5♣)≈≈≈§.≈♣♣♣{§#
♣......≈♣♣≈♣.§≈≈.♣♣♣♣{Z.#
♣♣≈≈..♣♣♣♣♣♣♣....♣ ♣♣{yv#
♣≈..♣♣ ♣♣♣♣≈≈♣♣ #{####
♣♣♣♣ ♣♣≈≈...♣♣ ♣JJ...
♣.....≈≈♣ §{{#.#
♣♣≈≈...J#§§§§#..
♣....♣...J.÷..#


You could see a spriggan rider, a vampire mosquito and a friendly ufetubus.

Vanquished Creatures
  Rupert (Lair:4)
  Frances (Swamp:2)
  2 thorn hunters (Swamp:1)
  A fire giant (Orc:1)
  A frost giant (IceCv)
  An orc warlord (Orc:2)
  Snorg (Lair:7)
  The ghost of incide the Cleaver, a journeyman FoCK of Xom (Lair:3)
  2 ettins
  A yaktaur captain (D:13)
  2 ogre magi
  A catoblepas (D:14)
  A ghost crab (Swamp:1)
  12 hydras
  6 centaur warriors
  2 alligators
  A tengu warrior (D:13)
  6 death yaks
  5 orc high priests
  A deep elf knight (D:11)
  2 unseen horrors
  4 swamp dragons (Swamp:1)
  19 hill giants
  A wizard (D:15)
  7 orc knights
  A wolf spider (D:11)
  A deep elf mage (D:13)
  4 griffons
  8 oklob plants
  5 manticores
  4 orc sorcerers (Orc:2)
  8 cyclopes
  3 ugly things
  Joseph (D:10)
  3 naga magi (D:15)
  7 elephants
  An ice statue (IceCv)
  3 black mambas
  2 torpor snails
  A gargoyle (D:11)
  36 spiny frogs
  5 rime drakes
  2 yaktaurs (D:13)
  13 komodo dragons
  11 trolls
  22 polar bears
  A jumping spider (shapeshifter) (D:15)
  8 two-headed ogres
  6 slime creatures
  A giant leech (Lair:8)
  A boulder beetle (Lair:3)
  35 blink frogs
  7 bog bodies (Swamp:1)
  3 shadows
  66 yaks
  4 spriggans (Swamp:2)
  2 vampires
  3 wyverns
  3 hungry ghosts
  2 wraiths (D:15)
  Grum (Lair:1)
  4 basilisks
  23 vampire mosquitoes
  17 hippogriffs
  3 mottled dragons
  An insubstantial wisp (Swamp:2)
  9 swamp worms
  10 wargs
  3 swamp drakes (Swamp:1)
  15 water moccasins
  16 porcupines
  2 sky beasts
  An eye of draining (D:15)
  3 black bears
  4 wasps (Swamp:2)
  2 ice beasts
  39 orc warriors
  3 necrophages
  26 ogres
  29 wolves
  16 centaurs
  14 crocodiles
  40 giant frogs
  A wyvern zombie (D:9)
  6 scorpions
  3 wyvern skeletons
  15 wights
  18 killer bees
  5 howler monkeys
  An electric eel (Lair:5)
  2 centaur zombies
  2 lava snakes
  6 crimson imps
  4 jellies
  3 giant frog zombies
  11 hounds
  15 orc wizards
  A giant frog skeleton (D:4)
  28 orc priests
  6 centaur skeletons
  18 worker ants
  10 iguanas
  11 sheep
  A hound zombie (D:9)
  A hound skeleton (D:8)
  Robin (D:2)
  10 gnolls
  3 worker ant zombies
  17 adders
  A howler monkey skeleton (D:4)
  67 river rats
  A shadow imp (D:9)
  An ooze (D:4)
  An adder zombie (D:5)
  4 adder skeletons
  7 worms
  4 dart slugs
  7 giant geckos
  113 orcs
  8 giant cockroaches
  15 hobgoblins
  12 jackals
  14 kobolds
  3 quokkas
  3 ball pythons
  6 bats
  A giant cockroach zombie (D:4)
  A giant gecko skeleton (D:4)
  7 giant newts
  12 goblins
  A jackal skeleton (D:5)
  2 quokka skeletons
  5 rats
  A briar patch (Swamp:1)
  A butterfly (D:4)
  A fire vortex (Orc:1)
  5 plants
1149 creatures vanquished.

Vanquished Creatures (collateral kills)
  A hydra (Lair:8)
  A centaur warrior (D:11)
  A hill giant (Orc:1)
  An oklob plant (Lair:7)
  A spiny frog (Lair:8)
  A centaur skeleton (D:12)
  2 trolls
  A slime creature (Swamp:1)
  3 yaks (D:10)
  A spriggan (D:9)
  A swamp worm (Swamp:1)
  A sky beast (D:4)
  An orc warrior (Orc:2)
  A wolf (IceCv)
  A black bear (D:9)
  A centaur (D:5)
  Blork the orc (D:6)
  A big kobold (D:12)
  An orc priest (D:6)
  2 orc wizards
  2 river rats
  4 orcs
  3 giant cockroaches
  A butterfly (Lair:1)
  A fungus (Lair:8)
35 creatures vanquished.

Vanquished Creatures (others)
  2 giant leeches (Swamp:2)
  2 spriggans (Swamp:2)
  2 wasps (Swamp:2)
  A human (D:10)
  An orc wizard (D:11)
  A river rat (Lair:5)
  A worm (Lair:3)
  A bush (Lair:2)
  A fire vortex (Lair:7)
  37 fungi
  57 plants
106 creatures vanquished.

Grand Total: 1290 creatures vanquished

Notes
Turn   | Place    | Note
--------------------------------------------------------------
     0 | D:1      | Gorice the Demonspawn Assassin began the quest for the Orb.
     0 | D:1      | Reached XP level 1. HP: 16/16 MP: 1/1
    56 | D:1      | Reached skill level 2 in Short Blades
   226 | D:1      | You fall through a shaft!
   238 | D:2      | Gained mutation: You are immune to rotting. [demonic ancestry]
   238 | D:2      | Reached XP level 2. HP: 21/22 MP: 2/2
   275 | D:2      | HP: 6/22 [worm (11)]
   320 | D:2      | Found a sacrificial altar of Ru.
   320 | D:2      | Noticed Robin
   376 | D:2      | Killed Robin
   376 | D:2      | Reached skill level 3 in Short Blades
   391 | D:2      | Gained mutation: You may emit foul miasma when damaged in melee. [demonic ancestry]
   391 | D:2      | Reached XP level 3. HP: 12/27 MP: 3/3
   702 | D:2      | Gained mutation: A weak demonic guardian rushes to your aid. [demonic ancestry]
   702 | D:2      | Reached XP level 4. HP: 12/33 MP: 4/4
   800 | D:2      | Reached skill level 4 in Short Blades
  2308 | D:3      | Reached XP level 5. HP: 27/38 MP: 5/5
  2602 | D:3      | Found a bloodstained altar of Trog.
  2682 | D:3      | Reached skill level 5 in Short Blades
  3410 | D:4      | Found Dezu's Antique Weapon Shoppe.
  3414 | D:4      | Found a shimmering altar of Xom.
  3432 | D:4      | Found Gunauwex's Distillery.
  3437 | D:4      | Bought a potion of heal wounds for 65 gold pieces
  3761 | D:4      | Found Huchac's Jewellery Shoppe.
  3841 | D:4      | Found Luvvul's Antique Armour Shoppe.
  3851 | D:4      | Reached XP level 6. HP: 44/44 MP: 6/6
  3941 | D:4      | Reached skill level 6 in Short Blades
  4191 | D:4      | Found Jutuew's Weapon Shop.
  4329 | D:4      | Noticed a sky beast
  4342 | D:4      | Killed a sky beast
  4642 | D:5      | Entered Level 5 of the Dungeon
  4747 | D:5      | Reached skill level 2 in Throwing
  4747 | D:5      | Reached XP level 7. HP: 50/50 MP: 7/7
  4797 | D:5      | Reached skill level 7 in Short Blades
  5605 | D:6      | Reached skill level 3 in Throwing
  5678 | D:6      | Reached skill level 8 in Short Blades
  5772 | D:6      | Reached skill level 1 in Dodging
  5824 | D:6      | Reached XP level 8. HP: 55/56 MP: 6/8
  5839 | D:6      | Found an oddly glowing altar of Pakellas.
  5858 | D:6      | Found a radiant altar of Vehumet.
  5863 | D:6      | Found a shattered altar of Ashenzari.
  6154 | D:6      | Found a glowing golden altar of the Shining One.
  6156 | D:6      | Found a sparkling altar of Nemelex Xobeh.
  6258 | D:6      | Reached skill level 2 in Dodging
  6425 | D:6      | Noticed Blork the orc
  6433 | D:6      | Killed Blork the orc
  6433 | D:6      | Reached skill level 3 in Fighting
  6433 | D:6      | Reached skill level 4 in Throwing
  6769 | D:7      | Reached skill level 1 in Long Blades
  6797 | D:7      | Found a staircase to the Ecumenical Temple.
  6809 | Temple   | Entered the Ecumenical Temple
  6821 | Temple   | Became a worshipper of Warmaster Okawaru
  7102 | D:7      | Reached skill level 3 in Dodging
  7404 | D:8      | Reached skill level 2 in Long Blades
  7444 | D:8      | Found a staircase to the Lair.
  7444 | D:8      | Noticed a komodo dragon
  7488 | D:8      | Killed a komodo dragon
  7488 | D:8      | Reached skill level 5 in Throwing
  7667 | D:8      | Gained mutation: You frequently emit foul miasma when damaged in melee. [demonic ancestry]
  7667 | D:8      | Reached XP level 9. HP: 51/63 MP: 9/9
  7675 | D:8      | Reached * piety under Okawaru
  7778 | D:8      | Found Iliuphev's Assorted Antiques.
  7940 | Lair:1   | Entered Level 1 of the Lair of Beasts
  7945 | Lair:1   | Reached skill level 4 in Dodging
  7952 | Lair:1   | Noticed a spiny frog
  8029 | Lair:1   | HP: 15/63 [wolf (5)]
  8034 | Lair:1   | HP: 11/63 [wolf (6)]
  8042 | Lair:1   | HP: 15/63 [wolf (8)]
  8042 | Lair:1   | Reached skill level 3 in Long Blades
  8045 | Lair:1   | Killed a spiny frog
  8867 | D:9      | Reached skill level 6 in Throwing
  8942 | D:9      | Reached skill level 4 in Long Blades
  8987 | D:9      | Found a runed door.
  9006 | D:9      | Reached skill level 5 in Dodging
  9011 | D:9      | Reached ** piety under Okawaru
  9033 | D:9      | Found a runed door.
  9591 | D:9      | Reached skill level 5 in Long Blades
  9777 | D:9      | Reached skill level 6 in Dodging
  9998 | D:9      | Reached skill level 1 in Armour
 10333 | D:9      | Reached XP level 10. HP: 70/70 MP: 10/10
 10362 | D:9      | Reached skill level 2 in Armour
 10613 | D:10     | Entered Level 10 of the Dungeon
 10762 | D:10     | Reached skill level 6 in Long Blades
 10864 | D:10     | Found an ancient bone altar of Kikubaaqudgha.
 10920 | D:10     | Reached skill level 3 in Armour
 10928 | D:10     | Noticed a hill giant
 10952 | D:10     | Killed a hill giant
 10952 | D:10     | Reached *** piety under Okawaru
 11012 | D:10     | Noticed Joseph
 11036 | D:10     | Killed Joseph
 11036 | D:10     | Reached skill level 4 in Armour
 11384 | D:10     | Reached skill level 7 in Long Blades
 11862 | D:10     | Reached skill level 5 in Armour
 11978 | D:10     | Noticed a hill giant
 11993 | D:10     | Killed a hill giant
 11993 | D:10     | Reached **** piety under Okawaru
 12131 | D:9      | HP: 13/70 [orc priest/divine providence (9)]
 12132 | D:9      | Reached skill level 8 in Long Blades
 12132 | D:9      | Reached skill level 6 in Armour
 12624 | D:11     | Reached XP level 11. HP: 68/75 MP: 11/11
 13234 | D:11     | Noticed a centaur warrior
 13234 | D:11     | Noticed a centaur warrior
 13252 | D:11     | Noticed a wolf spider
 13259 | D:11     | Killed a centaur warrior
 13259 | D:11     | Reached skill level 7 in Armour
 13703 | Lair:1   | Reached ***** piety under Okawaru
 13746 | Lair:1   | Reached skill level 9 in Long Blades
 13923 | Lair:1   | Got a bloodstained robe
 13977 | Lair:1   | Reached skill level 8 in Armour
 14010 | Lair:1   | Received a gift from Okawaru
 14024 | Lair:1   | HP: 18/75 [black mamba (10)]
 14032 | Lair:1   | HP: 19/75 [black mamba (7)]
 14034 | Lair:1   | HP: 9/75 [blink frog (5)]
 14036 | Lair:1   | HP: 2/75 [black mamba (8)]
 14056 | Lair:1   | HP: 15/75 [basilisk (1)]
 14061 | Lair:1   | HP: 11/75 [basilisk (5)]
 14497 | Lair:1   | Noticed Grum
 14535 | Lair:1   | Killed Grum
 14837 | Lair:1   | Reached skill level 10 in Long Blades
 14902 | Lair:1   | You fall through a shaft!
 14953 | Lair:1   | Received a gift from Okawaru
 14954 | Lair:1   | Got a pair of warped boots {god gift}
 14960 | Lair:1   | Identified the +0 pair of boots of the Slug {SInv} (Okawaru gifted it to you on level 1 of the Lair of Beasts)
 15596 | Lair:2   | HP: 20/75 [porcupine's spines (13)]
 15934 | Lair:2   | Reached skill level 4 in Fighting
 16507 | Lair:2   | Gained mutation: You have a pair of small antennae on your head. [demonic ancestry]
 16507 | Lair:2   | Reached XP level 12. HP: 44/84 MP: 4/12
 16899 | Lair:3   | Noticed incide's ghost (journeyman FoCK)
 17010 | D:8      | Bought a scroll of identify for 48 gold pieces
 17183 | D:11     | Killed a centaur warrior
 17183 | D:11     | Reached skill level 5 in Fighting
 17331 | D:11     | Got an iridescent spear
 17576 | D:11     | Noticed a centaur warrior
 17612 | D:11     | HP: 20/87 [centaur warrior/arrow (15)]
 17996 | D:11     | Reached skill level 6 in Fighting
 18067 | D:11     | Reached skill level 11 in Long Blades
 18322 | D:11     | Killed a centaur warrior
 18322 | D:11     | Reached skill level 7 in Fighting
 19408 | D:12     | Received a gift from Okawaru
 19408 | D:12     | Reached skill level 8 in Fighting
 19422 | D:12     | Got a translucent ring mail {god gift}
 19819 | D:12     | Noticed a six-headed hydra
 19831 | D:12     | Killed a six-headed hydra
 19831 | D:12     | Reached skill level 12 in Long Blades
 20149 | D:12     | Reached XP level 13. HP: 72/100 MP: 8/13
 20347 | D:12     | Reached skill level 9 in Fighting
 20382 | D:12     | Found a roughly hewn altar of Beogh.
 20382 | D:12     | Found a staircase to the Orcish Mines.
 20884 | D:12     | Reached skill level 1 in Invocations
 21058 | Orc:1    | Entered Level 1 of the Orcish Mines
 21267 | D:4      | Bought the +11 falchion "Topic" {flame, rC+ Int+2} for 943 gold pieces
 21282 | D:4      | Identified the +5 ring mail "Trusted Companion" {MR+ MP+9} (Okawaru gifted it to you on level 12 of the Dungeon)
 21501 | Orc:1    | Found a frozen archway.
 21525 | IceCv    | Entered an ice cave
 21610 | IceCv    | Reached skill level 2 in Invocations
 21751 | IceCv    | Reached skill level 3 in Invocations
 21869 | IceCv    | Reached skill level 4 in Invocations
 22450 | IceCv    | Reached skill level 10 in Fighting
 22467 | IceCv    | Received a gift from Okawaru
 22514 | IceCv    | Reached skill level 5 in Invocations
 22618 | IceCv    | Noticed a frost giant
 22642 | IceCv    | Killed a frost giant
 22672 | IceCv    | Reached skill level 13 in Long Blades
 22672 | IceCv    | Reached skill level 6 in Invocations
 24047 | Orc:1    | Reached skill level 7 in Invocations
 24487 | Orc:1    | Reached skill level 11 in Fighting
 24662 | Orc:1    | Noticed a fire giant
 24742 | D:12     | HP: 30/106 [hill giant/giant spiked club (14)]
 24743 | D:12     | Reached skill level 8 in Invocations
 24743 | D:12     | Gained mutation: You are partially covered in slimy green scales (AC +2). [demonic ancestry]
 24743 | D:12     | Reached XP level 14. HP: 32/113 MP: 12/20
 25269 | D:4      | Bought a +4 ring of protection for 432 gold pieces
 25943 | Lair:3   | Reached ****** piety under Okawaru
 26032 | Lair:3   | Found a hole to the Spider Nest.
 26168 | Lair:3   | Received a gift from Okawaru
 26585 | Lair:1   | Upgraded the game from 0.18-a0-1683-gf9322e6 to 0.18-a0-1685-g4482fe3
 26771 | Lair:4   | Noticed Rupert
 27043 | Lair:4   | Reached skill level 9 in Armour
 27480 | Lair:4   | Killed Rupert
 27480 | Lair:4   | Reached skill level 7 in Dodging
 28394 | Lair:5   | Found a blossoming altar of Fedhas.
 28620 | Lair:5   | Found a staircase to the Swamp.
 28948 | Lair:5   | Reached skill level 12 in Fighting
 29028 | Lair:5   | HP: 31/115 [death yak[a torpor snail] (14)]
 30015 | Lair:3   | HP: 34/115 [incide's ghost (2)]
 30021 | Lair:3   | HP: 26/115 [incide's ghost (10)]
 30022 | Lair:3   | Killed incide's ghost
 30666 | Lair:7   | Received a gift from Okawaru
 30666 | Lair:7   | Reached skill level 8 in Dodging
 30760 | Lair:7   | Reached skill level 10 in Armour
 30815 | Lair:7   | Noticed Snorg
 30826 | Lair:7   | Killed Snorg
 30831 | Lair:7   | --Staberoo, like a stuck pig!!!!
 31241 | Lair:7   | Received a gift from Okawaru
 31241 | Lair:7   | Reached skill level 4 in Stealth
 31511 | Lair:1   | Learned a level 1 spell: Summon Butterflies
 31599 | Lair:8   | Entered Level 8 of the Lair of Beasts
 31873 | Lair:8   | Received a gift from Okawaru
 31921 | Lair:8   | Reached XP level 15. HP: 73/122 MP: 21/21
 32055 | Lair:8   | HP: 33/122 [blink frog (11)]
 32070 | Lair:8   | Reached skill level 5 in Stealth
 32282 | Lair:8   | Reached skill level 9 in Dodging
 32352 | Lair:8   | HP: 35/122 [spiny frog (4)]
 32358 | Lair:8   | HP: 33/122 [poisoned by a spiny frog]
 32366 | Lair:8   | HP: 33/122 [poisoned by a spiny frog]
 32373 | Lair:8   | HP: 28/122 [torpor snail (5)]
 32374 | Lair:8   | Received a gift from Okawaru
 32378 | Lair:8   | HP: 28/122 [poisoned by a spiny frog]
 32789 | Lair:8   | Found a viscous altar of Jiyva.
 32789 | Lair:8   | Found a staircase to the Slime Pits.
 32886 | Lair:8   | Received a gift from Okawaru
 33114 | Lair:8   | Received a gift from Okawaru
 33352 | Lair:8   | Reached skill level 13 in Fighting
 33474 | Lair:8   | Reached skill level 6 in Stealth
 33943 | Lair:7   | Reached skill level 11 in Armour
 35326 | Orc:1    | Killed a fire giant
 35708 | Orc:2    | Entered Level 2 of the Orcish Mines
 36117 | Orc:2    | Reached skill level 7 in Stealth
 36234 | Orc:2    | Found a roughly hewn altar of Beogh.
 36325 | Orc:2    | Received a gift from Okawaru
 36388 | Orc:2    | Found Batopsun's Book Boutique.
 36433 | Orc:2    | Found Gica's Book Shop.
 36449 | Orc:2    | Received a gift from Okawaru
 36826 | Orc:2    | Reached skill level 10 in Dodging
 37091 | Orc:2    | Found a staircase to the Elven Halls.
 37472 | Orc:2    | Found Fampuh's Armour Shoppe.
 37627 | Orc:2    | Noticed an orc warlord
 37816 | Orc:2    | Gained mutation: You have a pair of antennae on your head. [demonic ancestry]
 37816 | Orc:2    | Reached XP level 16. HP: 120/131 MP: 22/22
 38006 | Orc:2    | HP: 39/131 [orc warrior/flail[an orc warlord] (13)]
 38309 | Orc:2    | Found Gitooce's Weapon Boutique.
 38736 | Orc:2    | Found a roughly hewn altar of Beogh.
 38772 | Orc:2    | Bought a +2 cloak of invisibility for 279 gold pieces
 39053 | Lair:1   | Identified the cursed +0 robe of Vlad {rPois Dex-5 Stlth+} (You found it on level 1 of the Lair of Beasts)
 39314 | D:13     | Reached skill level 8 in Stealth
 39822 | D:13     | Found a gate to the Vaults.
 40344 | D:14     | Found a portal to a secret trove of treasure.
 40470 | D:14     | Found a stormy altar of Qazlal.
 40720 | D:15     | Entered Level 15 of the Dungeon
 40840 | D:15     | Learned a level 1 spell: Apportation
 40843 | D:15     | Learned a level 2 spell: Blink
 40847 | D:15     | Learned a level 3 spell: Portal Projectile
 40917 | D:15     | Found a blossoming altar of Fedhas.
 40920 | D:15     | Found an ancient bone altar of Kikubaaqudgha.
 41134 | D:15     | Reached skill level 12 in Armour
 41138 | D:15     | Reached skill level 14 in Fighting
 41440 | D:15     | Found a staircase to the Depths.
 42085 | Lair:1   | Upgraded the game from 0.18-a0-1685-g4482fe3 to 0.18-a0-1692-g516f9e9
 42206 | Swamp:1  | Entered Level 1 of the Swamp
 42216 | Swamp:1  | Reached skill level 9 in Stealth
 42430 | Swamp:1  | Noticed a thorn hunter
 42438 | Swamp:1  | Killed a thorn hunter
 42471 | Swamp:1  | Reached skill level 11 in Dodging
 42500 | Swamp:1  | Found a basalt altar of Yredelemnul.
 43193 | Swamp:1  | Noticed a thorn hunter
 43209 | Swamp:1  | HP: 39/134 [thorn hunter/volley of thorns (21)]
 43212 | Swamp:1  | Killed a thorn hunter
 43382 | Swamp:2  | Received a gift from Okawaru
 43666 | Swamp:2  | Noticed Frances
 43894 | Swamp:2  | Killed Frances
 44001 | Swamp:2  | HP: 27/134 [spectral alligator snapping turtle[a ghost crab] (19)]
 44002 | Swamp:2  | HP: 3/134 [large slime creature (24)]
 44019 | Swamp:2  | HP: 24/134 [ghost crab] (1)]
 44026 | Swamp:2  | HP: 24/134 [vampire mosquito (3)]
 44031 | Swamp:2  | HP: 12/134 [spriggan rider/quarterstaff (9)]
 44031 | Swamp:2  | HP: 2/134 [vampire mosquito (7)]
 44063 | Swamp:2  | Gained mutation: You have a pair of large antennae on your head (SInv). [demonic ancestry]
 44063 | Swamp:2  | Reached XP level 17. HP: 20/140 MP: 7/23
 44078 | Swamp:2  | HP: 21/140 [spriggan rider/quarterstaff (3)]
 44089 | Swamp:2  | HP: 19/140 [spriggan rider/spear (4)]
 44090 | Swamp:2  | HP: 8/140 [spriggan rider/spear (12)]
 44092 | Swamp:2  | HP: 2/140 [vampire mosquito (6)]
 44094 | Swamp:2  | Mangled by a spriggan rider

Vault maps used:
D:1:      minmay_arrival_semitransparent, minmay_misc_feat_columns,
          minmay_misc_feat_square
D:2:      serial_forest, infiniplex_forest_straight_4,
          infiniplex_forest_clump_diagonal, infiniplex_forest_clump_medium,
          infiniplex_forest_end_2, infiniplex_forest_clump_curved,
          infiniplex_forest_side_room, first_bread,
          nicolae_ru_great_annihilating_truth, uniq_robin
D:3:      overflow_temple_1_default, minmay_misc_feat_pillars, minivault_27
D:4:      xom_butterflies, serial_shops, nicolae_shop_trees,
          kennysheep_little_box, nicolae_shop_behind_doors, shop_coins,
          kennysheep_mini
D:5:      kennysheep_spiral_hall
D:6:      nicolae_overflow_hidden_temple, supply_closet_lemuel,
          grunt_pakellas_salt, uniq_blork_the_orc
D:7:      minmay_temple_entry_hall
D:8:      david_lair_shrubbed, serial_shops, nicolae_shop_crystal
D:9:      lemuel_insect_pit, the_bakery
D:10:     tgw_kikubaaqudgha, uniq_joseph
D:11:     hangedman_cross_veins
D:12:     david_orc_5
D:13:     david_vaults_2
D:14:     enter_trove_0, minmay_misc_feat_nine_boxes, grunt_qazlal_sundering
D:15:     grunt_enter_depths_magical_seal, basic_altar, fedhas_altar_1
Temple:   nicolae_temple_no_exploring_needed
Lair:1:   beast_lair_carwin_6, grunt_megastairs_3, lemuel_fruit_fields,
          uniq_grum
Lair:2:   st_stairs_6, minivault_25
Lair:3:   nicolae_spider_entry_non_spiders, grunt_megastairs_2
Lair:4:   beast_lair_carwin_9, uniq_rupert
Lair:5:   nicolae_swamp_entry_splash_gauntlet, basic_altar
Lair:6:   minmay_holes
Lair:7:   minmay_lair_oklob_tunnel, minmay_hedge_maze, beast_lair_carwin_7,
          lemuel_fruit_fields, uniq_snorg
Lair:8:   minmay_lair_end_frog_pond, slime_altar_1, serial_bayou_lagoon_a,
          st_stairs_13, serial_bayou_shore_a, grunt_megastairs_4
Swamp:1:  nicolae_swamp_trees_clearing, swamp_pool3, grunt_ruined_hall
Swamp:2:  serial_swamp_ruin, evilmike_swamp_ruin_house_3,
          evilmike_swamp_ruin_house_4, evilmike_swamp_ruin_house_5, swamp_pool1,
          uniq_frances
Orc:1:    giant_chief_lemuel, portal_ice_cave_entry_pillars_02
Orc:2:    pubby_orc_utopia
IceCv:    ice_cave_caverns_01

Skill      XL: |  1  2  3  4  5  6  7  8  9 10 11 12 13 14 15 16 |
---------------+-------------------------------------------------+-----
Short Blades   | 2 3 4 5 6 8 |  8.0
Throwing       | 2 3 5 6 |  6.0
Dodging        | 1 3 6 8 10 11 | 11.4
Fighting       | 3 4 8 11 12 13 14 | 14.5
Long Blades    | 2 5 8 10 12 13 | 13.2
Armour         | 1 6 8 10 11 12 | 12.6
Invocations    | 8 |  8.2
Stealth        | 4 7 9 |  9.8

Action                   |  1- 3 |  4- 6 |  7- 9 | 10-12 | 13-15 | 16-18 || total
-------------------------+-------+-------+-------+-------+-------+-------++-------
Melee: Dagger            |    63 |   306 |   152 |     3 |    35 |    15 ||   574
       Long sword        |       |       |   351 |   770 |    90 |       ||  1211
       Hunting sling     |       |       |       |     1 |       |       ||     1
       Falchion          |       |       |       |       |  1882 |   711 ||  2593
 Fire: Blowgun           |    11 |    18 |    54 |   209 |   156 |     2 ||   450
       Hunting sling     |     8 |    21 |   114 |   385 |    87 |       ||   615
Throw: Stone             |     2 |       |       |       |       |       ||     2
       Javelin           |       |     3 |     7 |    26 |    73 |    35 ||   144
Invok: Heroism           |       |       |     1 |    19 |    18 |     6 ||    44
       Finesse           |       |       |       |       |     1 |       ||     1
 Abil: Evoke Flight      |       |       |       |       |     1 |     2 ||     3
Evoke: Wand              |     2 |       |     9 |     1 |     5 |       ||    17
  Use: Scroll            |     1 |    12 |     5 |     7 |    11 |    11 ||    47
       Potion            |       |       |     3 |     7 |     2 |     6 ||    18
 Stab: Sleeping          |     2 |     9 |     2 |     1 |    28 |    18 ||    60
       Paralysed         |       |     1 |     1 |       |       |       ||     2
       Distracted        |       |       |     3 |     5 |    10 |     6 ||    24
       Invisible         |       |       |       |       |       |     8 ||     8
  Eat: Chunk             |       |    12 |    12 |    29 |    52 |    13 ||   118
       Meat ration       |       |       |     1 |     1 |     1 |     1 ||     4
       Pizza             |       |       |     1 |       |     1 |       ||     2
       Royal jelly       |       |       |       |       |       |     1 ||     1

Table legend:
 A = Turns spent in this place as a percentage of turns spent in the entire game.
 B = Non-inter-level travel turns spent in this place as a percentage of non-inter-level travel turns spent in the entire game.
 C = Inter-level travel turns spent in this place as a percentage of turns spent in this place.
 D = Turns resting spent in this place as a percentage of non-inter-level travel turns spent in this place.
 E = Turns spent auto-exploring this place as a percentage of non-inter-level travel turns spent in this place.
 F = Non-inter-level travel turns spent in this place divided by the number of levels of this place that you've seen.
                   A       B       C       D       E      F
               +-------+-------+-------+-------+-------+----------------------
         Total | 100.0 | 100.0 |   0.5 |   1.6 |   2.7 | 678.9
       Dungeon |  43.9 |  43.9 |   0.6 |   1.7 |   3.7 | 576.2
        Temple |   0.1 |   0.1 |   0.0 |   0.0 |   0.0 |  22.0
          Lair |  29.4 |  29.3 |   0.8 |   1.6 |   2.8 | 721.6
         Swamp |   5.2 |   5.2 |   0.3 |   1.9 |   2.5 | 513.0
  Orcish Mines |  18.0 |  18.1 |   0.2 |   1.0 |   0.5 | 1779.5
      Ice Cave |   3.4 |   3.4 |   0.0 |   3.0 |   1.8 | 666.0
               +-------+-------+-------+-------+-------+----------------------

Vault maps used:
D:1:      minmay_arrival_semitransparent, minmay_misc_feat_columns,
          minmay_misc_feat_square
D:2:      serial_forest, infiniplex_forest_straight_4,
          infiniplex_forest_clump_diagonal, infiniplex_forest_clump_medium,
          infiniplex_forest_end_2, infiniplex_forest_clump_curved,
          infiniplex_forest_side_room, first_bread,
          nicolae_ru_great_annihilating_truth, uniq_robin
D:3:      overflow_temple_1_default, minmay_misc_feat_pillars, minivault_27
D:4:      xom_butterflies, serial_shops, nicolae_shop_trees,
          kennysheep_little_box, nicolae_shop_behind_doors, shop_coins,
          kennysheep_mini
D:5:      kennysheep_spiral_hall
D:6:      nicolae_overflow_hidden_temple, supply_closet_lemuel,
          grunt_pakellas_salt, uniq_blork_the_orc
D:7:      minmay_temple_entry_hall
D:8:      david_lair_shrubbed, serial_shops, nicolae_shop_crystal
D:9:      lemuel_insect_pit, the_bakery
D:10:     tgw_kikubaaqudgha, uniq_joseph
D:11:     hangedman_cross_veins
D:12:     david_orc_5
D:13:     david_vaults_2
D:14:     enter_trove_0, minmay_misc_feat_nine_boxes, grunt_qazlal_sundering
D:15:     grunt_enter_depths_magical_seal, basic_altar, fedhas_altar_1
Temple:   nicolae_temple_no_exploring_needed
Lair:1:   beast_lair_carwin_6, grunt_megastairs_3, lemuel_fruit_fields,
          uniq_grum
Lair:2:   st_stairs_6, minivault_25
Lair:3:   nicolae_spider_entry_non_spiders, grunt_megastairs_2
Lair:4:   beast_lair_carwin_9, uniq_rupert
Lair:5:   nicolae_swamp_entry_splash_gauntlet, basic_altar
Lair:6:   minmay_holes
Lair:7:   minmay_lair_oklob_tunnel, minmay_hedge_maze, beast_lair_carwin_7,
          lemuel_fruit_fields, uniq_snorg
Lair:8:   minmay_lair_end_frog_pond, slime_altar_1, serial_bayou_lagoon_a,
          st_stairs_13, serial_bayou_shore_a, grunt_megastairs_4
Swamp:1:  nicolae_swamp_trees_clearing, swamp_pool3, grunt_ruined_hall
Swamp:2:  serial_swamp_ruin, evilmike_swamp_ruin_house_3,
          evilmike_swamp_ruin_house_4, evilmike_swamp_ruin_house_5, swamp_pool1,
          uniq_frances
Orc:1:    giant_chief_lemuel, portal_ice_cave_entry_pillars_02
Orc:2:    pubby_orc_utopia
IceCv:    ice_cave_caverns_01
